SAAA
TORTOLITA DRUMMERS @ ATHLETIC CLUB KC RESERVES
08/30/2030
 
TOP OF THE 1ST
Tortolita Drummers batting - Pitching for Athletic Club KC Reserves : RHP Ton Jobse
Pitching: RHP Ton Jobse
Batting: RHB Sean Godron 0-0: Ground out 4-3 (Groundball, 4)
Batting: SHB Cash Masters 0-0: Ball
1-0: Swinging Strike
1-1: Ball
2-1: Foul Ball, location: 2F
2-2: Foul Ball, location: 2F
2-2: Strikes out swinging
Batting: RHB Ricardo Pacheco 0-0: Ball
1-0: Foul Ball, location: 2F
1-1: Ground out 6-3 (Groundball, 6S)
Top of the 1st over - 0 runs, 0 hits, 0 errors, 0 left on base; Tortolita 0 - Athletic Club KC 0
BOTTOM OF THE 1ST
Athletic Club KC Reserves batting - Pitching for Tortolita Drummers : LHP Paul Díaz
Pitching: LHP Paul Díaz
Batting: SHB Sul-shik Yu 0-0: Called Strike
0-1: Ball
1-1: Swinging Strike
1-2: Foul Ball, location: 2F
1-2: Ball
2-2: Ball
3-2: Base on Balls
Batting: RHB Iván Chacón 0-0: Fly out, F7 (Line Drive, 78M)
Batting: LHB Wu-shun Chu 0-0: Foul Ball, location: 2F
0-1: Ball
1-1: Called Strike
1-2: Ball
2-2: SINGLE (Line Drive, 4)
Sul-shik Yu to second
Batting: RHB Andrés Medina 0-0: Ball
1-0: Ball
2-0: Ball
3-0: Called Strike
3-1: Called Strike
3-2: Foul Ball, location: 2F
3-2: Fly out, F7 (Line Drive, 78M)
Batting: SHB Eric Moore 0-0: Called Strike
0-1: Ball
1-1: Ball
2-1: Ball
3-1: Base on Balls
Sul-shik Yu to third
Wu-shun Chu to second
Batting: RHB Allen Williams 0-0: Called Strike
0-1: Called Strike
0-2: Ball
1-2: Ball
2-2: Ground out 4-3 (Groundball, 4)
Bottom of the 1st over - 0 runs, 1 hit, 0 errors, 3 left on base; Tortolita 0 - Athletic Club KC 0
TOP OF THE 2ND
Tortolita Drummers batting - Pitching for Athletic Club KC Reserves : RHP Ton Jobse
Batting: LHB Bernardo Elías 0-0: Ball
1-0: Ball
2-0: Swinging Strike
2-1: Ball
3-1: Called Strike
3-2: Strikes out swinging
Batting: RHB Jim Burch 0-0: Ground out 5-3 (Groundball, 5)
Batting: LHB Steve Costillo 0-0: Called Strike
0-1: Ball
1-1: Foul Ball, location: 2F
1-2: Ball
2-2: Strikes out swinging
Top of the 2nd over - 0 runs, 0 hits, 0 errors, 0 left on base; Tortolita 0 - Athletic Club KC 0
BOTTOM OF THE 2ND
Athletic Club KC Reserves batting - Pitching for Tortolita Drummers : LHP Paul Díaz
Batting: LHB Tony García 0-0: Ball
1-0: Fly out, F8 (Flyball, 8RD)
Batting: RHB Javier Marino 0-0: Called Strike
0-1: Ball
1-1: SINGLE (Line Drive, 7LS)
Batting: RHB Geoff Rivers 0-0: Fly out, F8 (Flyball, 8LM)
Batting: SHB Sul-shik Yu 0-0: Called Strike
0-1: Called Strike
0-2: Ball
1-2: Strikes out swinging
Bottom of the 2nd over - 0 runs, 1 hit, 0 errors, 1 left on base; Tortolita 0 - Athletic Club KC 0
TOP OF THE 3RD
Tortolita Drummers batting - Pitching for Athletic Club KC Reserves : RHP Ton Jobse
Batting: RHB Jesús Cisneros 0-0: Called Strike
0-1: Swinging Strike
0-2: Ball
1-2: Ball
2-2: Strikes out swinging
Batting: SHB Anthony Hopkins 0-0: SINGLE (Groundball, 34D)
Batting: RHB Jeb Sexton 0-0: Foul Ball, location: 2F
0-1: Ground out 4-3 (Groundball, 34)
Anthony Hopkins to second
Batting: RHB Sean Godron 0-0: Called Strike
0-1: Foul Ball, location: 2F
0-2: Ground out 5-3 (Groundball, 56S)
Top of the 3rd over - 0 runs, 1 hit, 0 errors, 1 left on base; Tortolita 0 - Athletic Club KC 0
BOTTOM OF THE 3RD
Athletic Club KC Reserves batting - Pitching for Tortolita Drummers : LHP Paul Díaz
Batting: RHB Iván Chacón 0-0: Fly out, F4 (Flyball, 4D)
Batting: LHB Wu-shun Chu 0-0: Ball
1-0: Ground out 4-3 (Groundball, 4M)
Batting: RHB Andrés Medina 0-0: Foul Ball, location: 2F
0-1: Ball
1-1: Ball
2-1: Ground out U3 (Groundball, 3)
Bottom of the 3rd over - 0 runs, 0 hits, 0 errors, 0 left on base; Tortolita 0 - Athletic Club KC 0
TOP OF THE 4TH
Tortolita Drummers batting - Pitching for Athletic Club KC Reserves : RHP Ton Jobse
Batting: SHB Cash Masters 0-0: Swinging Strike
0-1: Foul Ball, location: 2F
0-2: Foul Ball, location: 2F
0-2: Strikes out swinging, 2-3 out at first.
Batting: RHB Ricardo Pacheco 0-0: Foul Ball, location: 2F
0-1: Ground out 4-3 (Groundball, 4S)
Batting: LHB Bernardo Elías 0-0: Ball
1-0: Foul Ball, location: 2F
1-1: SINGLE (Groundball, 34D)
Batting: RHB Jim Burch 0-0: Foul Ball, location: 2F
0-1: Called Strike
0-2: Fly out, F7 (Flyball, 7LS)
Top of the 4th over - 0 runs, 1 hit, 0 errors, 1 left on base; Tortolita 0 - Athletic Club KC 0
BOTTOM OF THE 4TH
Athletic Club KC Reserves batting - Pitching for Tortolita Drummers : LHP Paul Díaz
Batting: SHB Eric Moore 0-0: Ball
1-0: Ground out 6-3 (Groundball, 56)
Batting: RHB Allen Williams 0-0: Called Strike
0-1: Ground out 5-3 (Groundball, 5)
Batting: LHB Tony García 0-0: Ball
1-0: Ball
2-0: Called Strike
2-1: Foul Ball, location: 2F
2-2: Ground out U3 (Groundball, 34)
Bottom of the 4th over - 0 runs, 0 hits, 0 errors, 0 left on base; Tortolita 0 - Athletic Club KC 0
TOP OF THE 5TH
Tortolita Drummers batting - Pitching for Athletic Club KC Reserves : RHP Ton Jobse
Batting: LHB Steve Costillo 0-0: Called Strike
0-1: Ball
1-1: Ball
2-1: Ball
3-1: Called Strike
3-2: Strikes out swinging
Batting: RHB Jesús Cisneros 0-0: Fly out, F4 (Line Drive, 4)
Batting: SHB Anthony Hopkins 0-0: Swinging Strike
0-1: Fly out, F3 (Flyball, 34D)
Top of the 5th over - 0 runs, 0 hits, 0 errors, 0 left on base; Tortolita 0 - Athletic Club KC 0
BOTTOM OF THE 5TH
Athletic Club KC Reserves batting - Pitching for Tortolita Drummers : LHP Paul Díaz
Batting: RHB Javier Marino 0-0: SINGLE (Flyball, 8LS)
Batting: RHB Geoff Rivers 0-0: Ball
1-0: Swinging Strike
1-1: SINGLE (Groundball, 4MD)
Javier Marino to second
Batting: SHB Sul-shik Yu 0-0: Bunted foul
0-1: Bunted foul
0-2: Ball
1-2: Ball
2-2: Ball
3-2: Base on Balls
Javier Marino to third
Geoff Rivers to second
Batting: RHB Iván Chacón 0-0: Ball
1-0: Fly out, F7 (Flyball, 7)
Runner from 3rd tags up, OUT at HOME
Geoff Rivers to third
Sul-shik Yu to second
Batting: LHB Wu-shun Chu 0-0: Fly out, F9 (Flyball, 9D)
Bottom of the 5th over - 0 runs, 2 hits, 0 errors, 2 left on base; Tortolita 0 - Athletic Club KC 0
TOP OF THE 6TH
Tortolita Drummers batting - Pitching for Athletic Club KC Reserves : RHP Ton Jobse
Batting: RHB Jeb Sexton 0-0: Ground out U3 (Groundball, 34S)
Batting: RHB Sean Godron 0-0: Ground out 3-1 (Groundball, 34)
Batting: SHB Cash Masters 0-0: Swinging Strike
0-1: Ball
1-1: Ball
2-1: Ground out U3 (Groundball, 34S)
Top of the 6th over - 0 runs, 0 hits, 0 errors, 0 left on base; Tortolita 0 - Athletic Club KC 0
BOTTOM OF THE 6TH
Athletic Club KC Reserves batting - Pitching for Tortolita Drummers : LHP Paul Díaz
Batting: RHB Andrés Medina 0-0: DOUBLE (Flyball, 78D)
Batting: SHB Eric Moore 0-0: Ball
1-0: Ball
2-0: Ball
3-0: Called Strike
3-1: Foul Ball, location: 2F
3-2: Base on Balls
Batting: RHB Allen Williams 0-0: Bunted foul
0-1: Bunt missed!
0-2: Grounds into double play, 4-6-3 (Groundball, 34D)
Andrés Medina to third
Batting: LHB Tony García 0-0: Called Strike
0-1: Called Strike
0-2: Ground out 5-3 (Groundball, 56)
Bottom of the 6th over - 0 runs, 1 hit, 0 errors, 1 left on base; Tortolita 0 - Athletic Club KC 0
TOP OF THE 7TH
Tortolita Drummers batting - Pitching for Athletic Club KC Reserves : RHP Ton Jobse
Batting: RHB Ricardo Pacheco 0-0: Foul Ball, location: 2F
0-1: Ball
1-1: Fly out, F7 (Flyball, 7D)
Batting: LHB Bernardo Elías 0-0: Ball
1-0: Foul Ball, location: 2F
1-1: Ball
2-1: Ball
3-1: Base on Balls
Batting: RHB Jim Burch 0-0: Ball
1-0: Called Strike
1-1: Called Strike
1-2: Foul Ball, location: 2F
1-2: Ball
2-2: SINGLE (Groundball, 6S) (infield hit)
Bernardo Elías to second
Batting: LHB Steve Costillo 0-0: Foul Ball, location: 2F
0-1: Ball
1-1: Ball
2-1: Called Strike
2-2: Ball
3-2: Reached via error on a dropped throw, E3
Bernardo Elías to third
Jim Burch to second
Pinch Hitting: SHB Roberto Mosca 0-0: Swinging Strike
0-1: Ball
1-1: Grounds into fielders choice 6-2 (Groundball, 6)
Jim Burch to third
Steve Costillo to second
Pinch Hitting: LHB Francisco Ornelas 0-0: Ball
1-0: Foul Ball, location: 2F
1-1: Ball
2-1: Foul Ball, location: 2F
2-2: Fly out, F9 (Line Drive, 89D)
Top of the 7th over - 0 runs, 1 hit, 1 error, 3 left on base; Tortolita 0 - Athletic Club KC 0
BOTTOM OF THE 7TH
Athletic Club KC Reserves batting - Pitching for Tortolita Drummers : LHP Paul Díaz
Now at 3B: Santo Alba
Now in LF: Francisco Ornelas
Batting: RHB Javier Marino 0-0: Called Strike
0-1: Ground out 6-3 (Groundball, 6)
Batting: RHB Geoff Rivers 0-0: Ball
1-0: Ball
2-0: Called Strike
2-1: Ball
3-1: Swinging Strike
3-2: Base on Balls
Batting: SHB Sul-shik Yu 0-0: Called Strike
0-1: Ball
1-1: Called Strike
1-2: Ball
2-2: Foul Ball, location: 2F
2-2: Fly out, F7 (Line Drive, 78M)
Batting: RHB Iván Chacón 0-0: Ball
1-0: Ball
2-0: Ball
3-0: Called Strike
3-1: Foul Ball, location: 2F
3-2: Ground out 6-3 (Groundball, 6)
Bottom of the 7th over - 0 runs, 0 hits, 0 errors, 1 left on base; Tortolita 0 - Athletic Club KC 0
TOP OF THE 8TH
Tortolita Drummers batting - Pitching for Athletic Club KC Reserves : RHP Ton Jobse
Batting: RHB Jeb Sexton 0-0: Ground out 5-3 (Groundball, 5)
Batting: RHB Sean Godron 0-0: Called Strike
0-1: DOUBLE (Groundball, 3L)
Pitching: RHP Jason Hamilton
Batting: SHB Cash Masters 0-0: Ball
1-0: Foul Ball, location: 2F
1-1: Called Strike
1-2: Ball
2-2: Ball
3-2: Ground out 6-3 (Groundball, 6)
Sean Godron to third
Batting: RHB Ricardo Pacheco 0-0: Ball
1-0: Ball
2-0: Swinging Strike
2-1: Ball
3-1: Foul Ball, location: 2F
3-2: Foul Ball, location: 2F
3-2: Strikes out looking
Top of the 8th over - 0 runs, 1 hit, 0 errors, 1 left on base; Tortolita 0 - Athletic Club KC 0
BOTTOM OF THE 8TH
Athletic Club KC Reserves batting - Pitching for Tortolita Drummers : LHP Paul Díaz
Pitching: LHP Ricardo Ruíz
Batting: LHB Wu-shun Chu 0-0: Swinging Strike
0-1: Ball
1-1: Fly out, F8 (Line Drive, 8RD)
Batting: RHB Andrés Medina 0-0: Ball
1-0: Ball
2-0: Ball
3-0: Called Strike
3-1: Foul Ball, location: 2F
3-2: Base on Balls
Batting: SHB Eric Moore 0-0: Ball
1-0: Ball
2-0: Ball
3-0: Base on Balls
Andrés Medina to second
Batting: RHB Allen Williams 0-0: Ball
1-0: Foul Ball, location: 2F
1-1: Called Strike
1-2: Ground out 5-3 (Groundball, 56)
Andrés Medina to third
Eric Moore to second
Batting: LHB Tony García 0-0: Ball
1-0: Foul Ball, location: 2F
1-1: Swinging Strike
1-2: Strikes out swinging
Bottom of the 8th over - 0 runs, 0 hits, 0 errors, 2 left on base; Tortolita 0 - Athletic Club KC 0
TOP OF THE 9TH
Tortolita Drummers batting - Pitching for Athletic Club KC Reserves : RHP Jason Hamilton
Pitching: RHP Ángel Rivera
Batting: LHB Bernardo Elías 0-0: Called Strike
0-1: Ball
1-1: Ball
2-1: Foul Ball, location: 2F
2-2: SINGLE (Line Drive, 4MD)
Batting: RHB Jim Burch 0-0: Ball
1-0: Foul Ball, location: 2F
1-1: Fly out, F9 (Flyball, 9D)
Batting: LHB Steve Costillo 0-0: Fielders Choice at 2nd, 2-4 (Groundball, 2L)
Batting: RHB Santo Alba 0-0: Ball
1-0: Ball
2-0: Foul Ball, location: 2F
2-1: Swinging Strike
2-2: Strikes out swinging
Top of the 9th over - 0 runs, 1 hit, 0 errors, 1 left on base; Tortolita 0 - Athletic Club KC 0
BOTTOM OF THE 9TH
Athletic Club KC Reserves batting - Pitching for Tortolita Drummers : LHP Ricardo Ruíz
Batting: RHB Javier Marino 0-0: Called Strike
0-1: Ball
1-1: Ball
2-1: Swinging Strike
2-2: Strikes out swinging
Batting: RHB Geoff Rivers 0-0: Called Strike
0-1: Fly out, F7 (Flyball, 78S)
Batting: SHB Sul-shik Yu 0-0: Called Strike
0-1: Ball
1-1: Ball
2-1: Called Strike
2-2: Foul Ball, location: 2F
2-2: Foul Ball, location: 2F
2-2: Ball
3-2: Strikes out swinging
Bottom of the 9th over - 0 runs, 0 hits, 0 errors, 0 left on base; Tortolita 0 - Athletic Club KC 0
TOP OF THE 10TH
Tortolita Drummers batting - Pitching for Athletic Club KC Reserves : RHP Ángel Rivera
Batting: LHB Francisco Ornelas 0-0: Swinging Strike
0-1: Swinging Strike
0-2: Ball
1-2: Ball
2-2: Foul Ball, location: 2F
2-2: Strikes out swinging
Batting: RHB Jeb Sexton 0-0: Ball
1-0: SINGLE (Flyball, 7LM)
Batting: RHB Sean Godron 0-0: Ball
1-0: Foul Ball, location: 2F
1-1: Foul Ball, location: 2F
1-2: Foul Ball, location: 2F
1-2: Fielders Choice at 2nd, 1-6 (Groundball, 13)
Batting: SHB Cash Masters 0-0: Ball
1-0: Called Strike
1-1: Ball
2-1: Fly out, F8 (Flyball, 8RXD)
Top of the 10th over - 0 runs, 1 hit, 0 errors, 1 left on base; Tortolita 0 - Athletic Club KC 0
BOTTOM OF THE 10TH
Athletic Club KC Reserves batting - Pitching for Tortolita Drummers : LHP Ricardo Ruíz
Pitching: RHP Briggs Bourgeois
Batting: RHB Iván Chacón 0-0: SOLO HOME RUN (Flyball, 8LD), Distance : 427 ft
Sunday, March 18th, 2018 - OOTP Baseball 18.8 Build 76